cohdb
Replays
Latest Replays
All Replays
Popular Replays
Top Player Replays
Match Explorer
How It Works
Community
CoH3 Stats
Reddit
Sign in to upload your games and track your stats! →
Sign in with Steam
Match 43958653
Unlisted
Match 43958653
Overview
Messages
Build Orders
End
Construct Weapon Support Center
Scout Squad
Selects Special Operations Battlegroup
Bazooka Squad
M1919 Machine Gun Team
Selects M29 Weasel with M1 Pack Howitzer
M29 Weasel with M1 Pack Howitzer
Construct Barracks
Riflemen Squad
Riflemen Squad
Mechanized Support Center
M1918 Browning Automatic Rifles
Riflemen Squad
Construct Medical Station
Grenade Package
Selects Raiding Flares
Raiding Flares
M3 Armored Personnel Carrier
Selects P-47 Anti-Infantry Loiter
Selects UNKNOWN (2162291)
Construct Tank Depot
Raiding Flares
Engineer Squad
M4A1 Sherman Whizbang
Selects SSF Commando Squad
P-47 Anti-Infantry Loiter
P-47 Anti-Infantry Loiter
Firesedge
JACK
sacommander
tater
alejandro.as880
Victor
hogarthw
Иранский аферист
0
0
Comments
sign in to comment!
No comments posted yet!